 Dungeon Crawl Stone Soup version 0.29-a0-817-g9904bce7a6 (webtiles) character file.

Game seed: 17019173839611826682

2394 LynnLen the Covert (level 9, 0/45 HPs)
             Began as a Vampire Enchanter on July 6, 2022.
             Was a Follower of Yredelemnul.
             Slain by a gnoll bouda
             ... wielding a +0 club
              (7 damage)
             ... on level 7 of the Dungeon.
             The game lasted 00:21:53 (5595 turns).

LynnLen the Covert (Vampire Enchanter)              Turns: 5595, Time: 00:21:53

Health: 0/45       AC: 11    Str: 11    XL:     9   Next: 22%
Magic:  15/15      EV: 14    Int: 22    God:    Yredelemnul [*.....]
Gold:   443        SH:  0    Dex: 24    Spells: 7/16 levels left

rFire   x . .      SeeInvis +   k - +2 short sword (drain)
rCold   + + .      Faith    .   (no shield)
rNeg    + + +      Spirit   .   j - +2 leather armour "Cexadar" {rF- Str+4 Int+4 SInv}
rPois   ∞          Reflect  .   n - +0 helmet
rElec   .          Harm     .   l - +0 cloak
rCorr   .          Rampage  .   s - +0 pair of gloves
Will    .....                   h - +2 pair of boots
Stlth   +++++++...              (no amulet)
HPRegen 0.00/turn               p - +6 ring of dexterity
MPRegen 0.14/turn               (no ring)

@: bloodless, inhibited regen, studying Axes
A: bloodless, fangs 3, see invisible, vampiric 2
a: Bat Form, Revivify, Renounce Religion, Recall Undead Harvest


You were on level 7 of the Dungeon.
You worshipped Yredelemnul.
Yredelemnul was noncommittal.
You visited 2 branches of the dungeon, and saw 8 of its levels.
You also visited: Sewer.

You collected 443 gold pieces.

Inventory:

Hand Weapons
 k - a +2 short sword of draining (weapon)
Armour
 h - a +2 pair of boots (worn)
 j - the +2 leather armour "Cexadar" (worn) {rF- Str+4 Int+4 SInv}
   (You found it on level 3 of the Dungeon)

   Str:       It affects your strength (+4).
   Int:       It affects your intelligence (+4).
   rF:        It makes you vulnerable to fire.
   SInv:      It lets you see invisible.
 l - a +0 cloak (worn)
 n - a +0 helmet (worn)
 s - a +0 pair of gloves (worn)
Jewellery
 p - a +6 ring of dexterity (left hand)
Wands
 g - a wand of charming (12)
Scrolls
 a - 4 scrolls of teleportation
 e - 4 scrolls of blinking
 f - 3 scrolls of poison
 o - a scroll of fear
 t - a scroll of magic mapping
Potions
 b - a potion of might
 c - a potion of invisibility
 d - 3 potions of curing
 i - 2 potions of heal wounds
 m - 2 potions of magic {unknown}
 r - a potion of brilliance {unknown}
 u - a potion of ambrosia
 v - a potion of attraction {unknown}
 w - 2 potions of flight


   Skills:
 + Level 5.9 Short Blades
 + Level 4.3 Dodging
 * Level 12.5 Stealth
 * Level 4.4 Spellcasting
 * Level 2.0 Conjurations
 * Level 6.6 Hexes
 + Level 0.1 Earth Magic
 * Level 2.8 Invocations


You had 7 spell levels left.
You knew the following spells:

 Your Spells              Type           Power      Damage    Failure   Level
a - Confusing Touch       Hex            34%        N/A       2%          3
b - Tukima's Dance        Hex            34%        N/A       2%          3
c - Stone Arrow           Conj/Erth      18%        3d8       26%         3

Your spell library contained the following spells:

 Spells                   Type           Power      Damage    Failure   Level
 Ensorcelled Hibernation  Hex/Ice        38%        N/A       5%          2
 Dazzling Flash           Conj/Hex       48%        N/A       7%          3
 Sandblast                Erth           10%        2d5       13%         1
 Passwall                 Tmut/Erth      4%         N/A       21%         2
 Sublimation of Blood     Necr           4%         N/A       22%         2
 Wereblood                Tmut           4%         N/A       22%         2
 Petrify                  Tmut/Erth      5%         N/A       80%         4
 Irradiate                Conj/Tmut      4%         3d14      95%         5
 Summon Hydra             Summ           2%         N/A       100%        7


Dungeon Overview and Level Annotations

Branches:
Dungeon (7/15)             Temple (1/1) D:4           Sewer (visited)

Altars:
Ashenzari
Dithmenos
Fedhas
Gozag
Nemelex Xobeh
Qazlal
Ru
Vehumet
Yredelemnul

Shops:
D:3 [


Innate Abilities, Weirdness & Mutations

You do not regenerate when monsters are visible.
You are frail without blood (-20% HP).
You can heal yourself when you bite living creatures.
You are immune to poison.
You have razor-sharp teeth.
You have supernaturally acute eyesight. (SInv)
You are afflicted with vampirism and can become a bat while bloodless.


Message History

You kill the gnoll!
The gnoll bouda barks out a call to the hunt!
The gnoll shouts! x3
The gnolls pick up the pace!
The orc shouts! x2; The orc priest shouts!
The orc wizard shouts!
You hear an angry buzzing noise.
You puncture the orc priest! You drain the orc priest.
The orc priest is severely wounded.
The gnoll hits you with a +0 flail!
The orc priest mumbles some strange prayers to Beogh against you.
Beogh smites you! The gnoll misses you.
You puncture the orc priest!
You kill the orc priest!
Your sky beast zombie hits the gnoll but does no damage.
The gnoll bouda barely misses you. The gnoll hits you but does no damage.
You hit the gnoll but do no damage.
The gnoll hits you but does no damage. x2
The gnoll closely misses you.
A killer bee comes into view.
The gnoll bouda barely misses you.
Your sky beast zombie barely misses the gnoll.
The gnoll hits you but does no damage.
The killer bee buzzes angrily.
You puncture the gnoll! You drain the gnoll. You bite the gnoll.
You kill the gnoll!
The dead are walking!
The gnoll closely misses you. The gnoll misses you.
The orc barely misses you. x2
The orc wizard hits you but does no damage.
The gnoll hits you from afar with a +0 halberd!
* * * LOW HITPOINT WARNING * * *
Your sky beast zombie hits the gnoll.
The gnoll closely misses you.
Things that are here:
a +0 flail; a +0 dagger You hit the orc.
You drain the orc.
The orc is severely wounded.
The orc closely misses you. The orc hits you with a +0 morningstar.
* * * LOW HITPOINT WARNING * * *
The orc wizard hits you but does no damage.
The gnoll bouda hits you with a +0 club!
You die...
Yredelemnul claims you as an undead slave.

#......# #......#
#......########
###......'.....<#
.........############
.........# #........
....###'#####..Z.....
... #.....#o.......
.. #####.#@o...... .
#.#gog.....
###'#gg......
#...Z.......$
#........y...
#........y...
#########.... ....
...


You could see a gnoll bouda, 2 killer bees, an orc wizard, 3 gnolls, 2 orcs, a
friendly sky beast zombie and a friendly gnoll zombie.

Vanquished Creatures
  A steam dragon (D:6)
  4 water moccasins
  An ice beast (D:6)
  2 black bears (D:5)
  A sky beast (D:7)
  An ogre (D:4)
  2 centaurs (D:4)
  Blork the orc (D:4)
  2 kobold brigands (Sewer)
  A bullfrog (D:6)
  2 necrophages (D:6)
  4 scorpions
  3 hounds
  3 orc priests
  2 orc wizards
  Natasha (twice) (D:4)
  An iguana (D:5)
  Robin (D:3)
  7 adders
  2 gnolls (D:7)
  A river rat (Sewer)
  A white imp (D:6)
  2 ufetubi
  A worm (D:3)
  3 dart slugs
  11 orcs
  5 ball pythons
  6 endoplasms
  3 giant cockroaches
  15 goblins
  8 hobgoblins
  2 jackals (D:1)
  3 quokkas
  4 bats
  A frilled lizard (D:1)
  7 kobolds
  10 rats
126 creatures vanquished.

Vanquished Creatures (collateral kills)
  2 iguanas
  Natasha (D:4)
  3 orcs
  2 ball pythons
  2 kobolds
10 creatures vanquished.

Vanquished Creatures (others)
  A scorpion zombie (D:6)
  A hound zombie (D:6)
  An adder zombie (D:6)
  An orc zombie (D:6)
  2 spectral ufetubi
6 creatures vanquished.

Grand Total: 142 creatures vanquished

Notes
Turn   | Place    | Note
-------+----------+-------------------------------------------
     0 | D:1      | LynnLen the Vampire Enchanter began the quest for the Orb.
     0 | D:1      | Reached XP level 1. HP: 13/13 MP: 3/3
   287 | D:1      | You fall into a shaft and drop 1 floor!
   325 | D:2      | Reached skill level 5 in Stealth
   386 | D:2      | Reached XP level 2. HP: 15/15 MP: 5/5
   794 | D:1      | Found a faded altar of an unknown god.
  1179 | D:2      | Gained mutation: You are afflicted with vampirism and can
                  | become a bat while bloodless. [Vampire growth]
  1179 | D:2      | Reached XP level 3. HP: 16/16 MP: 6/6
  1189 | D:2      | Learned a level 3 spell: Confusing Touch
  1193 | D:2      | Learned a level 3 spell: Tukima's Dance
  1243 | D:2      | Reached skill level 5 in Hexes
  1617 | D:3      | Identified the +2 leather armour "Cexadar" {rF- Str+4 Int+4
                  | SInv}
  1680 | D:3      | Reached XP level 4. HP: 21/21 MP: 7/7
  1816 | D:3      | Reached skill level 6 in Stealth
  2063 | D:3      | Found Eniunecs's Armour Boutique.
  2085 | D:3      | Noticed Robin
  2111 | D:3      | Killed Robin
  2112 | D:3      | Reached XP level 5. HP: 15/28 MP: 8/8
  2195 | D:3      | Learned a level 3 spell: Stone Arrow
  2630 | D:4      | Noticed Blork the orc
  2631 | D:4      | Found a blossoming altar of Fedhas.
  2640 | D:4      | Noticed Natasha
  2649 | D:4      | Killed Natasha
  2674 | D:4      | Noticed a centaur
  2681 | D:4      | Noticed a centaur
  2682 | D:4      | Killed a centaur
  2683 | D:4      | Reached skill level 7 in Stealth
  2684 | D:4      | Killed a centaur
  2685 | D:4      | Reached XP level 6. HP: 32/32 MP: 8/10
  2711 | D:4      | Killed Blork the orc
  2712 | D:4      | Reached skill level 8 in Stealth
  2886 | D:4      | Noticed Natasha
  2913 | D:4      | Killed Natasha
  2914 | D:4      | Reached XP level 7. HP: 29/36 MP: 7/11
  2976 | D:4      | Found a staircase to the Ecumenical Temple.
  2983 | Temple   | Entered the Ecumenical Temple
  3012 | Temple   | Became a worshipper of Yredelemnul the Dark
  3077 | D:4      | Reached skill level 9 in Stealth
  3239 | D:4      | Noticed Natasha
  3245 | D:4      | Killed Natasha
  3280 | D:4      | Reached * piety under Yredelemnul
  3470 | D:5      | Entered Level 5 of the Dungeon
  3749 | D:5      | Reached ** piety under Yredelemnul
  3750 | D:5      | Reached skill level 1 in Invocations
  3911 | D:5      | Reached *** piety under Yredelemnul
  3912 | D:5      | Reached skill level 10 in Stealth
  3944 | D:5      | Reached skill level 1 in Conjurations
  3944 | D:5      | Reached XP level 8. HP: 41/41 MP: 13/13
  4726 | D:6      | Reached skill level 11 in Stealth
  4736 | D:6      | Reached skill level 5 in Short Blades
  5163 | D:6      | Reached skill level 12 in Stealth
  5163 | D:6      | Reached XP level 9. HP: 45/45 MP: 15/15
  5279 | D:6      | Found a glowing drain.
  5292 | Sewer    | Entered a sewer
  5595 | D:7      | Slain by a gnoll bouda

Illustrated notes

Levels and vault maps discovered:
D:1:      eino_arrival_water_star, layout_basic,
          chequers_ecumenical_altar_simple
D:2:      layout_rooms
D:3:      layout_basic, lemuel_doored_altar, serial_shops, nicolae_diamond_shop,
          uniq_robin
D:4:      layout_basic, amcnicky_altar_gilded, minmay_temple_entry_wispy,
          minmay_manual_mares, uniq_natasha, uniq_blork_the_orc
D:5:      layout_layer_cave
D:6:      layout_rooms, portal_sewer_entry_b
D:7:      layout_basic, nicolae_uskayaw_en_pointe, lemuel_tele_altar
Temple:   nicolae_temple_bog_church

Skill      XL: |  1  2  3  4  5  6  7  8  9 |
---------------+----------------------------+-----
Stealth        | 5 6 7 8 10 12 | 12.5
Hexes          | 5 6 |  6.6
Short Blades   | 2 3 4 5 |  5.9
Dodging        | 3 4 |  4.3
Spellcasting   | 3 4 |  4.4
Invocations    | 1 2 |  2.8
Conjurations   | 1 2 |  2.0
Earth Magic    | |  0.1

Action                   |  1- 3 |  4- 6 |  7- 9 || total
-------------------------+-------+-------+-------++-------
Melee: Dagger            |    52 |       |       ||    52
       Bite              |     9 |     5 |     9 ||    23
       Punch             |     2 |     1 |     2 ||     5
       Short sword       |    50 |    90 |   151 ||   291
 Cast: Stone Arrow       |       |     2 |       ||     2
 Abil: Exsanguinate      |     2 |       |       ||     2
       Revivify          |     1 |       |       ||     1
  Use: Scroll            |     7 |     2 |     5 ||    14
       Potion            |     1 |     1 |       ||     2
 Stab: Sleeping          |     6 |    11 |    24 ||    41
       Distracted        |       |       |     1 ||     1
Armor: Robe              |    34 |       |       ||    34
       Leather armour    |     1 |    30 |    61 ||    92
Dodge: Dodged            |    72 |    50 |   114 ||   236

Table legend: (Time is in decaauts)
 A = Elapsed time spent in this place.
 B = Non-inter-level travel time spent in this place.
 C = Inter-level travel time spent in this place.
 D = Time resting spent in this place.
 E = Time spent auto-exploring this place.
 F = Levels seen in this place.
 G = Mean time per level.
                   A        B        C        D        E       F      G
               +--------+--------+--------+--------+--------+-----+--------+
         Total |   5620 |   5620 |      0 |    506 |   2614 |   9 |  624.4 |
       Dungeon |   5305 |   5305 |      0 |    506 |   2581 |   7 |  757.9 |
        Temple |     43 |     43 |      0 |      0 |      1 |   1 |   43.0 |
         Sewer |    271 |    271 |      0 |      0 |     32 |   1 |  271.0 |
               +--------+--------+--------+--------+--------+-----+--------+

Top non-repeatable levels by time:
     D:5: 1220 daAuts
     D:3: 1049 daAuts
     D:2: 833 daAuts
     D:4: 801 daAuts
     D:1: 740 daAuts
     D:6: 626 daAuts
   Sewer: 271 daAuts
  Temple: 43 daAuts
     D:7: 32 daAuts
